 Dungeon Crawl Stone Soup version 0.21-a0-88-g13b9641 (console) character file.

1304 bli the Spear-Bearer (level 8, -6/67 HPs)
             Began as a Gnoll Wanderer on June 26, 2017.
             Was a Follower of Wu Jian.
             Mangled by a two-headed ogre
             ... wielding a +0 giant spiked club
              (10 damage)
             ... on level 8 of the Dungeon.
             The game lasted 00:20:56 (5004 turns).

bli the Spear-Bearer (Gnoll Wanderer)               Turns: 5004, Time: 00:20:57

Health: -6/67      AC:  5    Str: 10    XL:     8   Next: 57%
Magic:  8/8        EV: 15    Int: 13    God:    Wu Jian [*.....]
Gold:   215        SH:  3    Dex: 16    Spells: 7/7 levels left

rFire    + . .     SeeInvis .   a - +1 spear (venom)
rCold    . . .     Gourm    .   (no shield)
rNeg     . . .     Faith    .   h - +0 leather armour
rPois    .         Spirit   .   (no helmet)
rElec    .         Reflect  +   (no cloak)
rCorr    .         Harm     .   k - +0 pair of gloves
MR       .....                  u - +0 pair of boots
Stlth    +++.......             j - +3 amulet of reflection
HPRegen  0.21/turn              A - ring of wizardry
MPRegen  0.11/turn              D - ring of protection from fire

@: no status effects
A: short attention span, fangs 1, strong nose
a: Renounce Religion


You were on level 8 of the Dungeon.
You worshipped Wu Jian.
Wu Jian was aware of your devotion.
You were not hungry.

You visited 2 branches of the dungeon, and saw 9 of its levels.

You collected 215 gold pieces.

Inventory:

Hand Weapons
 a - a +1 spear of venom (weapon)
 b - a +1 scimitar of slicing
 c - a +1 dagger of electrocution
 x - a +1 whip of venom
 C - a +0 spear
 E - a -3 war axe
 H - a +0 quarterstaff
 N - a +2 mace
Missiles
 g - 172 stones
 y - 7 tomahawks (quivered)
Armour
 d - a +0 robe
 h - a +0 leather armour (worn)
 k - a +0 pair of gloves (worn)
 u - a +0 pair of boots (worn)
Jewellery
 j - a +3 amulet of reflection (around neck)
 A - a ring of wizardry (left hand)
 D - a ring of protection from fire (right hand)
Scrolls
 e - a scroll of teleportation {unknown}
 i - 6 scrolls of remove curse
 l - 9 scrolls of identify
 m - 3 scrolls of amnesia {unknown}
 n - 2 scrolls of fog {unknown}
 o - a scroll of fear {unknown}
 w - 3 scrolls of blinking {unknown}
 J - a scroll of vulnerability {unknown}
Potions
 q - 3 potions of heal wounds
 r - 2 potions of flight {unknown}
 v - 2 potions of curing {unknown}
 z - 2 potions of agility {unknown}
 F - a potion of brilliance {unknown}
 G - a potion of resistance {unknown}
 K - a potion of cancellation {unknown}
 L - a potion of ambrosia {unknown}
 M - a potion of invisibility {unknown}
 O - a potion of lignification {unknown}
Books
 t - a book of Maledictions

   Spells                             Type                      Level
   a - Corona                         Hexes                        1
   b - Ensorcelled Hibernation        Hexes/Ice                    2
   c - Confuse                        Hexes                        3
   d - Tukima's Dance                 Hexes                        3
   e - Dazzling Spray                 Conjuration/Hexes            3
 B - Gaceont's Almanac of Stolen Souls

   Spells                             Type                      Level
   a - Corpse Rot                     Necromancy                   2
   b - Sublimation of Blood           Necromancy                   2
Comestibles
 f - 8 bread rations
 p - a royal jelly
 s - 5 meat rations
 I - 3 fruits


   Skills:
 + Level 7.2 Fighting
 + Level 2.4(3.8) Short Blades
 + Level 4.4(4.8) Long Blades
 - Level 8.0 Polearms
 - Level 1.7 Throwing
 - Level 4.0 Armour
 + Level 6.3 Dodging
 - Level 4.1 Stealth
   Level 1.7 Shields
   Level 3.2 Hexes
   Level 4.8 Transmutations


You had 7 spell levels left.
You didn't know any spells.

Dungeon Overview and Level Annotations

Branches:
Dungeon (8/15)             Temple (1/1) D:4
   Lair: D:8-11

Altars:
Ashenzari
Dithmenos
Fedhas
Kikubaaqudgha
Okawaru
Sif Muna
Trog
Wu Jian
Xom
Yredelemnul
Zin
The Shining One

Shops:
D:4 :   D:8 %

Annotations:
D:7 zhorgal's ghost, novice GrFi


Innate Abilities, Weirdness & Mutations

You have a short attention span.
You have very sharp teeth.
Your uncanny sense of smell can sniff out nearby items.


Message History

You block the two-headed ogre's attack.
The two-headed ogre hits you with a giant club!
You hit the two-headed ogre.
The two-headed ogre looks as sick as possible!
The two-headed ogre is moderately wounded.
You hit the two-headed ogre but do no damage.
You bite the two-headed ogre, but do no damage.
The two-headed ogre is moderately wounded.
The two-headed ogre barely misses you.
The two-headed ogre hits you with a giant club!
* * * LOW HITPOINT WARNING * * *
You hit the two-headed ogre.
The two-headed ogre looks as sick as possible!
The two-headed ogre is heavily wounded.
You barely miss the two-headed ogre.
The two-headed ogre is heavily wounded.
The two-headed ogre hits you with a giant spiked club!
* * * LOW HITPOINT WARNING * * *
The two-headed ogre hits you with a giant club!
You die...

......# ......# ..<...#
#.....#
#......###...###++.....+
.............#.........#
.............#^........#
.............#....)....##
.............#............
.....#.......+....#......<
#............#.O@.#.......
#............#....#.......
#.............#####.......
#.............# O......
.......∩.#....# . .......
....#....#....##...........#
....#......................#
....###.........)..........#
.... #....................#
.... #....#####...........#
.. ....#...................#


You could see a two-headed ogre.

Vanquished Creatures
  A hungry ghost (D:8)
  2 ogres
  A bullfrog (D:7)
  Blork the orc (D:5)
  A water moccasin zombie (D:6)
  3 scorpions
  3 wights (D:6)
  A crimson imp (D:5)
  A bullfrog zombie (D:8)
  2 hounds
  3 orc priests
  Natasha (twice) (D:4)
  An iguana (D:6)
  A worker ant (D:4)
  2 orc wizards (D:5)
  A hound skeleton (D:4)
  A worker ant zombie (D:6)
  7 adders
  A howler monkey skeleton (D:8)
  An adder zombie (D:5)
  An adder skeleton (D:6)
  A worm (D:3)
  2 leopard geckos
  12 orcs
  7 bats
  6 giant cockroaches
  4 goblins
  5 hobgoblins
  11 jackals
  4 kobolds
  2 quokkas
  3 ball pythons
  4 frilled lizards
  A jackal zombie (D:5)
  10 rats
  A butterfly (D:4)
110 creatures vanquished.

Notes
Turn   | Place    | Note
-------+----------+-------------------------------------------
     0 | D:1      | bli the Gnoll Wanderer began the quest for the Orb.
     0 | D:1      | bli set off with: a book of Maledictions, Gaceont's Almanac of Stolen Souls, a +0 spear, a +0 robe, a bread ration
     0 | D:1      | Reached XP level 1. HP: 18/18 MP: 1/1
     0 | D:1      | Identified Gaceont's Almanac of Stolen Souls
   133 | D:1      | Reached XP level 2. HP: 26/26 MP: 2/2
   407 | D:1      | Reached skill level 1 in Polearms
   635 | D:2      | Reached XP level 3. HP: 14/31 MP: 3/3
   779 | D:2      | Reached skill level 2 in Polearms
   795 | D:2      | Found an iron altar of Okawaru.
  1248 | D:3      | Reached skill level 1 in Armour
  1394 | D:3      | Reached skill level 3 in Polearms
  1394 | D:3      | Reached skill level 1 in Stealth
  1394 | D:3      | Reached XP level 4. HP: 32/38 MP: 4/4
  1432 | D:3      | Reached skill level 5 in Fighting
  1845 | D:3      | Found a faded altar of an unknown god.
  2092 | D:3      | Reached XP level 5. HP: 42/44 MP: 5/5
  2161 | D:4      | Found Gyrph's Book Shoppe.
  2278 | D:4      | Found a staircase to the Ecumenical Temple.
  2288 | Temple   | Entered the Ecumenical Temple
  2294 | Temple   | Became a worshipper of the Wu Jian Council
  2340 | D:4      | Reached skill level 4 in Polearms
  2420 | D:4      | Reached skill level 5 in Polearms
  2420 | D:4      | Reached XP level 6. HP: 51/51 MP: 6/6
  2490 | D:4      | Noticed Natasha
  2499 | D:4      | Killed Natasha
  2827 | D:4      | Reached skill level 6 in Polearms
  2857 | D:4      | Noticed Natasha
  2865 | D:4      | Killed Natasha
  2979 | D:5      | Entered Level 5 of the Dungeon
  2996 | D:5      | Noticed Blork the orc
  3004 | D:5      | Killed Blork the orc
  3004 | D:5      | Reached XP level 7. HP: 49/58 MP: 7/7
  3084 | D:5      | Reached skill level 7 in Polearms
  3115 | D:5      | Reached * piety under Wu Jian
  3501 | D:5      | Found a bloodstained altar of Trog.
  3504 | D:5      | Found a shattered altar of Ashenzari.
  3701 | D:5      | Found a glowing silver altar of Zin.
  3707 | D:5      | Found a blossoming altar of Fedhas.
  3707 | D:5      | Found an ancient bone altar of Kikubaaqudgha.
  3708 | D:5      | Found a shadowy altar of Dithmenos.
  3711 | D:5      | Found a shimmering altar of Xom.
  3712 | D:5      | Found a glowing golden altar of the Shining One.
  3921 | D:6      | Reached skill level 1 in Long Blades
  3921 | D:6      | Reached skill level 5 in Dodging
  4340 | D:6      | Reached XP level 8. HP: 65/65 MP: 8/8
  4565 | D:7      | Reached skill level 1 in Short Blades
  4566 | D:7      | Noticed zhorgal's ghost (novice GrFi)
  4612 | D:8      | Reached skill level 8 in Polearms
  4787 | D:8      | Found Ytuitta's Food Emporium.
  4847 | D:8      | Noticed a two-headed ogre
  5004 | D:8      | Mangled by a two-headed ogre

Vault maps used:
D:1:      dpeg_arrival_stone_temple_mockup, minmay_misc_feat_nine_boxes
D:2:      roderic_three_in_a_row, okawaru_gym_becter
D:3:      chequers_ecumenical_altar_grove
D:4:      minmay_temple_entry_butterflies, portal_sewer_entry_b, serial_shops,
          shop_statue, uniq_natasha
D:5:      minitemple, chequers_temple_overflow_statue_of_worship, first_bread,
          uniq_blork_the_orc
D:7:      nicolae_overflow_crystal_walls, chequers_temple_overflow_minitemple,
          the_bakery
D:8:      serial_shops, shop_coins
Temple:   eino_wide_crystal_templ

Skill      XL: |  1  2  3  4  5  6  7  8 |
---------------+-------------------------+-----
Fighting       | 4 5 6 7 |  7.2
Dodging        | 2 3 4 5 6 |  6.3
Polearms       | 1 3 5 6 7 8 |  8.0
Armour         | 1 2 3 4 |  4.0
Stealth        | 1 2 3 4 |  4.1
Long Blades    | 2 4 |  4.4
Short Blades   | 2 |  2.4
Throwing       | |  1.7
Shields        | |  1.7
Hexes          | |  3.2
Transmutations | |  4.8

Action                   |  1- 3 |  4- 6 |  7- 9 || total
-------------------------+-------+-------+-------++-------
Melee: Spear             |   127 |   135 |    86 ||   348
       Bite              |     8 |     4 |    27 ||    39
       Scimitar          |       |       |    31 ||    31
       Dagger            |       |       |    94 ||    94
       War axe           |       |       |     7 ||     7
  Use: Potion            |     1 |       |       ||     1
       Scroll            |       |       |     2 ||     2
 Stab: Sleeping          |     3 |     5 |     2 ||    10
  Eat: Chunk             |     2 |     5 |     6 ||    13
       Meat ration       |       |       |     1 ||     1
       Fruit             |       |       |     1 ||     1
Armor: Leather armour    |    32 |    13 |    47 ||    92
       Robe              |     1 |       |       ||     1
       Skin              |       |     7 |       ||     7
Dodge: Dodged            |    75 |    44 |   126 ||   245
Block: Other             |    10 |     4 |    16 ||    30
       Reflection        |       |     1 |       ||     1
       Rpst.: Scimitar   |       |       |     3 ||     3
